SAA
GLENDALE HERONS @ VIRGINIA BEACH DEUCES
05/28/2021
 
TOP OF THE 1ST
Glendale Herons batting - Pitching for Virginia Beach Deuces : LHP Sam Rollins
Pitching: LHP Sam Rollins
Batting: RHB José Villegas 0-0: Ball
1-0: Swinging Strike
1-1: Ball
2-1: Ball
3-1: Fly out, F9 (Flyball, 89M)
Batting: LHB José Rodríguez 0-0: Ball
1-0: Fly out, F8 (Flyball, 89M)
Batting: RHB Ángel Ruezga 0-0: Called Strike
0-1: Swinging Strike
0-2: Strikes out swinging
Top of the 1st over - 0 run(s), 0 hit(s), 0 error(s), 0 left on base; Glendale 0 - Virginia Beach 0
BOTTOM OF THE 1ST
Virginia Beach Deuces batting - Pitching for Glendale Herons : RHP Mike Barrett
Pitching: RHP Mike Barrett
Batting: RHB Javier Santos 0-0: SINGLE (Groundball, 56D)
Batting: LHB Jay Carlson 0-0: Swinging Strike
0-1: Ball
1-1: Called Strike
1-2: Fly out, F5 (Popup, 5F)
Batting: RHB Peter Baker 0-0: Ball
Javier Santos is caught stealing 2nd base
1-0: Ball
2-0: Foul Ball, location: 2F
2-1: Ball
3-1: Swinging Strike
3-2: Ground out 4-3 (Groundball, 4)
Bottom of the 1st over - 0 run(s), 1 hit(s), 0 error(s), 0 left on base; Glendale 0 - Virginia Beach 0
TOP OF THE 2ND
Glendale Herons batting - Pitching for Virginia Beach Deuces : LHP Sam Rollins
Batting: RHB Héctor Moreno 0-0: Called Strike
0-1: Ball
1-1: Swinging Strike
1-2: Foul Ball, location: 2F
1-2: Foul Ball, location: 2F
1-2: Fly out, F8 (Flyball, 78XD)
Batting: RHB Ángel López 0-0: Ball
1-0: Foul Ball, location: 2F
1-1: Swinging Strike
1-2: SINGLE (Groundball, 56D)
Batting: RHB José Mata 0-0: Ball
1-0: Called Strike
1-1: Ball
2-1: Called Strike
2-2: Ball
3-2: Base on Balls
Ángel López to second
Batting: RHB John Gilliam 0-0: Fly out, F9 (Flyball, 89M)
Batting: LHB Travis Alexander 0-0: Ball
1-0: Fielders Choice at 2nd, U6 (Groundball, 6M)
Top of the 2nd over - 0 run(s), 1 hit(s), 0 error(s), 2 left on base; Glendale 0 - Virginia Beach 0
BOTTOM OF THE 2ND
Virginia Beach Deuces batting - Pitching for Glendale Herons : RHP Mike Barrett
Batting: LHB Carl Gore 0-0: Foul Ball, location: 2F
0-1: Fly out, F6 (Popup, 56)
Batting: RHB Lorenzo Ramírez 0-0: SOLO HOME RUN (Line Drive, 7D), Distance : 418 ft
Batting: RHB Luis Sáenz 0-0: Called Strike
0-1: Ball
1-1: Ball
2-1: Swinging Strike
2-2: Foul Ball, location: 2F
2-2: Ball
3-2: Ground out 1-3 (Groundball, 13S)
Batting: LHB Jim Unknown 0-0: Foul Ball, location: 2F
0-1: Foul Ball, location: 2F
0-2: Strikes out looking
Bottom of the 2nd over - 1 run(s), 1 hit(s), 0 error(s), 0 left on base; Glendale 0 - Virginia Beach 1
TOP OF THE 3RD
Glendale Herons batting - Pitching for Virginia Beach Deuces : LHP Sam Rollins
Batting: LHB Pedro Rodríguez 0-0: Fly out, F8 (Flyball, 8RM)
Batting: RHB José Villegas 0-0: Called Strike
0-1: Ball
1-1: Ball
2-1: Swinging Strike
2-2: Foul Ball, location: 2F
2-2: Ground out 1-3 (Groundball, 15)
Batting: LHB José Rodríguez 0-0: Ball
1-0: Ball
2-0: Swinging Strike
2-1: Ball
3-1: Base on Balls
Batting: RHB Ángel Ruezga 0-0: SINGLE (Line Drive, 89M)
José Rodríguez to second
Batting: RHB Héctor Moreno 0-0: Called Strike
0-1: Swinging Strike
0-2: Ball
1-2: Ground out 5-3 (Groundball, 5S)
Top of the 3rd over - 0 run(s), 1 hit(s), 0 error(s), 2 left on base; Glendale 0 - Virginia Beach 1
BOTTOM OF THE 3RD
Virginia Beach Deuces batting - Pitching for Glendale Herons : RHP Mike Barrett
Batting: RHB Jim Unknown 0-0: Ball
1-0: DOUBLE (Groundball, 5L)
Batting: LHB Jim Unknown 0-0: Swinging Strike
0-1: Ball
1-1: Swinging Strike
1-2: Ball
2-2: Foul Ball, location: 2F
2-2: Ball
3-2: SINGLE (Groundball, 4MD)
Jim Unknown to third
Runner from 3rd tries for Home, SAFE, no throw or cutoff
Batting: RHB Javier Santos 0-0: Ball
1-0: Ball
Jim Unknown steals 2nd base
2-0: Foul Ball, location: 2F
2-1: Ball
3-1: Swinging Strike
3-2: Strikes out swinging
Batting: LHB Jay Carlson 0-0: Ball
1-0: Foul Ball, location: 2F
1-1: Swinging Strike
1-2: Strikes out swinging
Batting: RHB Peter Baker 0-0: Ball
1-0: Ball
2-0: Foul Ball, location: 2F
2-1: Fly out, F7 (Line Drive, 7M)
Bottom of the 3rd over - 1 run(s), 2 hit(s), 0 error(s), 1 left on base; Glendale 0 - Virginia Beach 2
TOP OF THE 4TH
Glendale Herons batting - Pitching for Virginia Beach Deuces : LHP Sam Rollins
Batting: RHB Ángel López 0-0: Ground out 5-3 (Groundball, 5S)
Batting: RHB José Mata 0-0: Ball
1-0: Ball
2-0: Called Strike
2-1: Ball
3-1: Base on Balls
Batting: RHB John Gilliam 0-0: Ball
1-0: Ball
2-0: Foul Ball, location: 2F
2-1: Grounds into double play, 6-4-3 (Groundball, 56)
Top of the 4th over - 0 run(s), 0 hit(s), 0 error(s), 0 left on base; Glendale 0 - Virginia Beach 2
BOTTOM OF THE 4TH
Virginia Beach Deuces batting - Pitching for Glendale Herons : RHP Mike Barrett
Batting: LHB Carl Gore 0-0: Ball
1-0: Called Strike
1-1: Ball
2-1: DOUBLE (Line Drive, 8RD)
Pinch Runner at 2nd Jim Unknown:
Batting: RHB Lorenzo Ramírez 0-0: Ball
1-0: Foul Ball, location: 2F
1-1: 2-RUN HOME RUN (Flyball, 78XD), Distance : 438 ft
Batting: RHB Luis Sáenz 0-0: Ground out 5-3 (Groundball, 56)
Batting: LHB Jim Unknown 0-0: Called Strike
0-1: Foul Ball, location: 2F
0-2: Ball
1-2: Strikes out swinging passed ball, reaches first!
Batting: RHB Jim Unknown 0-0: Ball
1-0: Foul Ball, location: 2F
1-1: Ball
2-1: Ball
3-1: Base on Balls
Jim Unknown to second
Batting: LHB Jim Unknown 0-0: Called Strike
0-1: Ball
1-1: Ball
2-1: Ball
3-1: Called Strike
3-2: SINGLE (Groundball, 56D) (infield hit)
Jim Unknown to third
Jim Unknown to second
Batting: RHB Javier Santos 0-0: Called Strike
0-1: Fly out, F9 (Flyball, 9M)
Runner from 3rd tags up, SCORES, throw made
Batting: LHB Jay Carlson 0-0: Fly out, F8 (Flyball, 8LM)
Bottom of the 4th over - 3 run(s), 3 hit(s), 0 error(s), 2 left on base; Glendale 0 - Virginia Beach 5
TOP OF THE 5TH
Glendale Herons batting - Pitching for Virginia Beach Deuces : LHP Sam Rollins
Now at 1B: Jim Unknown
Batting: LHB Travis Alexander 0-0: Called Strike
0-1: Ball
1-1: Ball
2-1: Ball
3-1: Ground out 5-3 (Groundball, 5)
Batting: LHB Pedro Rodríguez 0-0: Ball
1-0: Called Strike
1-1: Swinging Strike
1-2: Strikes out swinging
Batting: RHB José Villegas 0-0: Ball
1-0: Ball
2-0: Foul Ball, location: 2F
2-1: Ball
3-1: Base on Balls
Batting: LHB José Rodríguez 0-0: Ball
1-0: Called Strike
1-1: Fly out, F7 (Flyball, 7M)
Top of the 5th over - 0 run(s), 0 hit(s), 0 error(s), 1 left on base; Glendale 0 - Virginia Beach 5
BOTTOM OF THE 5TH
Virginia Beach Deuces batting - Pitching for Glendale Herons : RHP Mike Barrett
Batting: RHB Peter Baker 0-0: SINGLE (Groundball, 6MD)
Batting: RHB Jim Unknown 0-0: Called Strike
0-1: Ball
1-1: Ball
2-1: Called Strike
2-2: Ball
3-2: SINGLE (Flyball, 8RS)
Peter Baker to second
Peter Baker to third
Batting: RHB Lorenzo Ramírez 0-0: Swinging Strike
0-1: Ball
1-1: Fly out, F2 (Popup, 23F)
Batting: RHB Luis Sáenz 0-0: Called Strike
Balk!
Peter Baker scores
Jim Unknown to second
0-1: Ball
1-1: SINGLE (Line Drive, 34)
Jim Unknown to third
Runner from 3rd tries for Home, SAFE, throw made home
Pitching: RHP Lindsay Turner
Batting: LHB Jim Unknown 0-0: Swinging Strike
0-1: DOUBLE (Line Drive, 5D)
Luis Sáenz to third
Batting: RHB Jim Unknown 0-0: Fly out, F4 (Popup, 4D)
Batting: LHB Jim Unknown 0-0: Ball
1-0: Fly out, F2 (Popup, 2LF)
Bottom of the 5th over - 2 run(s), 4 hit(s), 0 error(s), 2 left on base; Glendale 0 - Virginia Beach 7
TOP OF THE 6TH
Glendale Herons batting - Pitching for Virginia Beach Deuces : LHP Sam Rollins
Batting: RHB Ángel Ruezga 0-0: Called Strike
0-1: Fly out, F8 (Flyball, 8RS)
Batting: RHB Héctor Moreno 0-0: Foul Ball, location: 2F
0-1: Foul Ball, location: 2F
0-2: Ball
1-2: Strikes out swinging
Batting: RHB Ángel López 0-0: Called Strike
0-1: Ground out 6-3 (Groundball, 6M)
Top of the 6th over - 0 run(s), 0 hit(s), 0 error(s), 0 left on base; Glendale 0 - Virginia Beach 7
BOTTOM OF THE 6TH
Virginia Beach Deuces batting - Pitching for Glendale Herons : RHP Lindsay Turner
Batting: RHB Javier Santos 0-0: SINGLE (Groundball, 4MD)
Batting: LHB Jay Carlson 0-0: Sac Bunt - play at first, batter OUT! U3
Javier Santos to second
Batting: RHB Peter Baker 0-0: Fly out, F6 (Popup, 56)
Batting: RHB Jim Unknown 0-0: Foul Ball, location: 2F
0-1: Ball
1-1: Ball
2-1: Ball
3-1: Called Strike
3-2: SINGLE (Groundball, 6MD)
Javier Santos to third
Javier Santos scores
Batting: RHB Lorenzo Ramírez 0-0: Reached on Error, E7 (Flyball, 7M)
Jim Unknown to third
Batting: RHB Luis Sáenz 0-0: Swinging Strike
0-1: Swinging Strike
0-2: Foul Ball, location: 2F
0-2: Strikes out looking
Bottom of the 6th over - 1 run(s), 2 hit(s), 1 error(s), 2 left on base; Glendale 0 - Virginia Beach 8
TOP OF THE 7TH
Glendale Herons batting - Pitching for Virginia Beach Deuces : LHP Sam Rollins
Batting: RHB José Mata 0-0: Called Strike
0-1: Foul Ball, location: 2F
0-2: Ball
1-2: Ball
2-2: Strikes out swinging
Batting: RHB John Gilliam 0-0: Ball
1-0: Ground out 4-3 (Groundball, 4)
Batting: LHB Travis Alexander 0-0: Called Strike
0-1: Ball
1-1: Foul Ball, location: 2F
1-2: Strikes out swinging
Top of the 7th over - 0 run(s), 0 hit(s), 0 error(s), 0 left on base; Glendale 0 - Virginia Beach 8
BOTTOM OF THE 7TH
Virginia Beach Deuces batting - Pitching for Glendale Herons : RHP Lindsay Turner
Batting: LHB Jim Unknown 0-0: Ball
1-0: Foul Ball, location: 2F
1-1: Foul Ball, location: 2F
1-2: Strikes out looking
Batting: RHB Jim Unknown 0-0: Ball
1-0: Ball
2-0: Called Strike
2-1: Foul Ball, location: 2F
2-2: Fly out, F9 (Flyball, 9M)
Batting: LHB Jim Unknown 0-0: Ball
1-0: Reached on Error, E3 (Line Drive, 3S)
Batting: RHB Javier Santos 0-0: Called Strike
0-1: SINGLE (Line Drive, 89S)
Jim Unknown to second
Runner from 2nd tries for 3rd, SAFE, no throw or cutoff
Batting: LHB Jay Carlson 0-0: Fly out, F6 (Popup, 6M)
Bottom of the 7th over - 0 run(s), 1 hit(s), 1 error(s), 2 left on base; Glendale 0 - Virginia Beach 8
TOP OF THE 8TH
Glendale Herons batting - Pitching for Virginia Beach Deuces : LHP Sam Rollins
Batting: LHB Pedro Rodríguez 0-0: Called Strike
0-1: Swinging Strike
0-2: Foul Ball, location: 2F
0-2: Strikes out looking
Batting: RHB José Villegas 0-0: Ball
1-0: Foul Ball, location: 2F
1-1: SINGLE (Line Drive, 34D)
Batting: LHB José Rodríguez 0-0: Called Strike
0-1: Grounds into double play, 5-4-3 (Groundball, 56)
Top of the 8th over - 0 run(s), 1 hit(s), 0 error(s), 0 left on base; Glendale 0 - Virginia Beach 8
BOTTOM OF THE 8TH
Virginia Beach Deuces batting - Pitching for Glendale Herons : RHP Lindsay Turner
Batting: RHB Peter Baker 0-0: Called Strike
0-1: Fly out, F8 (Flyball, 8LM)
Batting: RHB Jim Unknown 0-0: Foul Ball, location: 2F
0-1: Foul Ball, location: 2F
0-2: Ball
1-2: Fly out, F8 (Flyball, 8RD)
Batting: RHB Lorenzo Ramírez 0-0: SINGLE (Flyball, 89S)
Batting: RHB Luis Sáenz 0-0: Foul Ball, location: 2F
0-1: Ball
1-1: Ball
2-1: Ball
3-1: DOUBLE (Flyball, 8RXD)
Lorenzo Ramírez to third
Runner from 3rd tries for Home, SAFE, throw made home
Batting: LHB Jim Unknown 0-0: Ball
1-0: Ball
2-0: Ball
3-0: Called Strike
3-1: SINGLE (Line Drive, 56D)
Luis Sáenz to third
Runner from 3rd tries for Home, SAFE, no throw or cutoff
Pitching: RHP Justin Jamerson
Batting: RHB Jim Unknown 0-0: Ball
1-0: Called Strike
1-1: Fly out, F8 (Flyball, 8RM)
Bottom of the 8th over - 2 run(s), 3 hit(s), 0 error(s), 1 left on base; Glendale 0 - Virginia Beach 10
TOP OF THE 9TH
Glendale Herons batting - Pitching for Virginia Beach Deuces : LHP Sam Rollins
Batting: RHB Ángel Ruezga 0-0: Ball
1-0: Ground out 6-3 (Groundball, 6)
Pinch Hitting: RHB Jim Unknown 0-0: Foul Ball, location: 2F
0-1: Called Strike
0-2: Strikes out swinging
Batting: RHB Ángel López 0-0: Fly out, F8 (Flyball, 8LM)
Top of the 9th over - 0 run(s), 0 hit(s), 0 error(s), 0 left on base; Glendale 0 - Virginia Beach 10
This league is powered by Out of the Park Baseball, the baseball management simulation game for PC, Mac and Linux
Friday, January 22nd, 2016 - OOTP Baseball 16.9 Build 39